 Dungeon Crawl Stone Soup version 0.30-b1-2-g02819fbbbe (webtiles) character file.

Game seed: 4941857218167904681

9 Alarkh the Insei (level 2, 24/24 HPs)
             Began as a Demonspawn Chaos Knight on May 21, 2023.
             Was a Plaything of Xom.
             Got out of the dungeon alive.
             The game lasted 00:00:22 (267 turns).

Alarkh the Insei (Demonspawn Chaos Knight)           Turns: 267, Time: 00:00:22

Health: 24/24      AC:  6    Str: 12    XL:     2   Next: 3%
Magic:  2/2        EV: 11    Int: 13    God:    Xom [..*...]
Gold:   20         SH:  0    Dex: 12    Spells: 1/1 levels left

rFire   . .          .
                       - Unarmed
rCold   . . .        (no shield)
rNeg    . . .        a - +2 leather armour
rPois   .            c - +0 helmet
rElec   .            (no cloak)
rCorr   .            (no gloves)
SInv    .            (no boots)
Will    .....        (no amulet)
Stlth   +            (no ring)
HPRegen 0.24/turn    (no ring)
MPRegen 0.08/turn

%: no passive effects
@: no status effects
A: demonic guardian 1
a: Renounce Religion


You escaped.
You worshipped Xom.
You were a toy of Xom.
You visited 1 branch of the dungeon, and saw 1 of its levels.

You collected 20 gold pieces.

Inventory:

Armour
 a - a +2 leather armour (worn)
 c - a +0 helmet (worn)
Scrolls
 d - a scroll of acquirement {unknown}
Miscellaneous
 b - a piece from Xom's chessboard (15/15) (quivered)


   Skills:
 - Level 3.0 Fighting
 - Level 1.7 Armour
 - Level 0.8 Dodging
 + Level 3.2 Unarmed Combat


You had one spell level left.
You didn't know any spells.
Your spell library was empty.

Dungeon Overview and Level Annotations

Branches:
Dungeon (1/15)

Altars:


Innate Abilities, Weirdness & Mutations

A weak demonic guardian rushes to your aid.


Message History

You barely miss the kobold.
The kobold is moderately wounded.
The rat misses you. The kobold hits you but does no damage.
You hit the kobold.
You kill the kobold!
The rat barely misses you.
You hit the rat.
You kill the rat!
The rat bites you but does no damage.
You hit the rat but do no damage. The rat barely misses you.
You barely miss the rat. The rat bites you.
You hit the rat.
You kill the rat!
You have reached level 2!
Your demonic ancestry asserts itself...
You feel the presence of a demonic guardian.
You now have 20 gold pieces (gained 2).
d - a scroll labelled OQOMIU ESOAT A rat comes into view.
Found a ring mail.
Found a stone staircase leading down.
The rat moves out of view.
A rat is nearby!
You can't go up here!
The rat bites you.
You hit the rat.
You kill the rat!
No target in view!
No target in view!
No target in view!
No target in view!
No target in view!
No target in view!
No target in view!
No target in view!
(D) Dungeon
Where to? (Enter - D:1 @ (x,y), ? - help)
There is a stone staircase leading down here.
There is a staircase leading out of the dungeon here.
Are you sure you want to leave the Dungeon?
This will make you lose the game!
You have escaped!

#.........##..#
########...##.#####
######.........##
#...............#
#..#.....#......####..
#.##8###8##........).
##........#.......#####
#...#.....#...........#
#...#..@..#......#.##.#
#...#.....#......#.#
#.).#.........##.# #
#..##8###8##.## .#
#...#.....##.# ..
#............# ##.
#..........### ..
##########.# ### #.#
...


There were no monsters in sight!

Vanquished Creatures
  2 endoplasms (D:1)
  A giant cockroach (D:1)
  A goblin (D:1)
  A bat (D:1)
  A kobold (D:1)
  3 rats (D:1)
9 creatures vanquished.

Notes
Turn   | Place    | Note
-------+----------+-------------------------------------------
     0 | D:1      | Alarkh the Demonspawn Chaos Knight began the quest for the
                  | Orb.
     0 | D:1      | Reached XP level 1. HP: 18/18 MP: 1/1
   175 | D:1      | XOM: silly message
   198 | D:1      | Gained mutation: A weak demonic guardian rushes to your
                  | aid. [demonic ancestry]
   198 | D:1      | Reached XP level 2. HP: 18/24 MP: 2/2
   267 | D:$      | Got out of the dungeon alive.

Illustrated notes

Levels and vault maps discovered:
D:1:      scummos_arrival_simple_crosswalls, layout_rooms

Skill      XL: |  1 |
---------------+----+-----
Unarmed Combat | 3 |  3.2
Fighting       | |  3.0
Armour         | |  1.7
Dodging        | |  0.8

Action                     || total
---------------------------++-------
  Melee: Unarmed           ||    33
         Punch             ||     1
 Armour: Leather armour    ||    16
  Dodge: Dodged            ||     8
